 Dungeon Sprint DCSS version 0.17-a0-1646-geb1493d (webtiles) character file.

9132 Kidiri the Unseen (level 11, -9/47 HPs)
             Began as a Spriggan Enchanter on Aug 10, 2015.
             Was an Elder of Dithmenos.
             Killed from afar by a crystal guardian (48 damage)
             ... with a crystal bolt
             ... in the Dungeon (Sprint II: "The Violet Keep of Menkaure").
             The game lasted 00:17:52 (2757 turns).

Kidiri the Unseen (Spriggan Enchanter)              Turns: 2757, Time: 00:17:52

Health: -9/47      AC:  6    Str:  6    XL:     11   Next: 19%
Magic:  30/30      EV: 37    Int: 21    God:    Dithmenos [****..]
Gold:   642        SH:  0    Dex: 25    Spells: 9 memorised, 5 levels left

rFire  + . .     SeeInvis +     a - +1 dagger
rCold  . . .     Clarity  +     b - +2 robe
rNeg   . . .     SustAt   +     (shield restricted)
rPois  .         Gourm    .     (helmet restricted)
rElec  .         Spirit   .     (no cloak)
rCorr  .         Warding  .     (gloves unavailable)
rMut   .         NoTele   +     (boots unavailable)
MR     ++...                    e - amulet "Jatukhlo" {Clar MR+ Dex+4 SInv}
Stlth  ++++++++++               (no ring)
                                f - ring "Ydwin" {SustAt rF+ Int+2 Dex+3}

@: wreathed by umbra, very quick, very resistant to hostile enchantments,
uncannily stealthy
A: unfitting armour, yellow scales 1, see invisible, herbivore 3, speed 3, slow
metabolism 2, strong 1, wild magic 1
a: Shadow Step, Renounce Religion


You were in the Dungeon.
You worshipped Dithmenos.
Dithmenos was greatly pleased with you.
You were not hungry.

You visited 1 branch You collected 1712 gold pieces.
You spent 1070 gold pieces at shops.

Inventory:

Hand weapons
 a - a +1 dagger (weapon)
Armour
 b - a +2 robe (worn)
Jewellery
 e - the amulet "Jatukhlo" (around neck) {Clar MR+ Dex+4 SInv}
   (You bought it in a shop in the Dungeon)

   [amulet of clarity]

   It provides mental clarity.
   It affects your dexterity (+4).
   It affects your resistance to hostile enchantments.
   It lets you see invisible.
 f - the ring "Ydwin" (left hand) {SustAt rF+ Int+2 Dex+3}
   (You bought it in a shop in the Dungeon)

   [ring of sustain attributes]

   It sustains your strength, intelligence and dexterity.
   It affects your intelligence (+2).
   It affects your dexterity (+3).
   It protects you from fire.
Scrolls
 j - a scroll of blinking
 l - a scroll of fog
 t - 2 scrolls of remove curse
Potions
 g - 2 potions of haste
 h - 5 potions of magic
 i - a potion of berserk rage
 m - 3 potions of resistance
 q - a potion of heal wounds
Books
 c - a book of Maledictions

   Spells                             Type                      Level
   a - Corona                         Hexes                        1
   b - Ensorcelled Hibernation        Hexes/Ice                    2
   c - Confuse                        Hexes                        3
   d - Tukima's Dance                 Hexes                        3
   e - Dazzling Spray                 Conjuration/Hexes            3
Comestibles
 d - 2 bread rations


   Skills:
 + Level 9.7 Short Blades
 * Level 16.6 Dodging
 * Level 18.0 Stealth
 * Level 14.4 Spellcasting
 + Level 6.4 Conjurations
 + Level 11.1 Hexes
 + Level 7.0 Ice Magic
 + Level 5.3 Invocations


You had 5 spell levels left.
You knew the following spells:

 Your Spells              Type           Power        Failure   Level  Hunger
a - Corona                Hex            #######      1%          1    None
b - Ensorcelled Hibernat  Hex/Ice        ######       1%          2    None
c - Confuse               Hex            #######.     1%          3    None
d - Tukima's Dance        Hex            #######.     1%          3    None
e - Dazzling Spray        Conj/Hex       ######..     2%          3    None
f - Metabolic Englaciati  Hex/Ice        ######....   7%          5    ###....
g - Ice Form              Ice/Trmt       #####...     22%         4    None
h - Bolt of Cold          Conj/Ice       ######....   61%         6    #####..
i - Ozocubu's Refrigerat  Ice            ######....   54%         6    #####..


Dungeon Overview and Level Annotations

Branches:
Dungeon (1/1)

Altars:
Cheibriados
Dithmenos
Elyvilon
Fedhas
Gozag
Kikubaaqudgha
Makhleb
Nemelex Xobeh
Okawaru
Qazlal
Ru
Sif Muna
Trog
Vehumet
Xom
Yredelemnul
Zin
The Shining One
Beogh
Jiyva
Lugonu

Shops:
D (=:[!?==[!%:}[=(

Annotations:
D exclusion: oklob plant, Roxanne


Innate Abilities, Weirdness & Mutations

You are tiny and cannot use many weapons and most armour.
You have supernaturally acute eyesight.
You are a herbivore.
You cover ground extremely quickly.
You need consume almost no food.
You are partially covered in yellow scales (AC +2).
Your muscles are strong. (Str +2)
Your spells are a little harder to cast, but a little more powerful.


Message History

Unknown command.
You reach down and close the door.
You start waiting.
You are starting to lose your buoyancy.
You see here a throwing net.
A swamp drake, a death drake and a crystal guardian come into view.
You float gracefully downwards.
Found 3 potions of flight.
The crystal guardian fires a crystalline bolt at you.
The crystal bolt misses you.
You hit the crystal guardian.
The crystal guardian is lightly damaged.
The death drake roars!
The swamp drake roars!
The death drake roars!
The death drake bites you!
Unknown command.
The swamp drake completely misses you.
The crystal guardian fires a crystalline bolt at you.
The crystal bolt freezes you!
Ouch! That really hurt!
You die...

.§...##⌠,,,,*+***,,,*,..▓,**,,**,
§§..§§##,,,,*,,*▓▓+▓▓▓▓.▓,*,,,**,
§8§§§§§##++##,,,+...▓0..▓,,,,,***
§§§§§§##≈.^.###,#.§.▓▓▓▓▓▓▓▓▓▓***
§§§§,*#)≈^....###..§▓§≈§≈≈≈≈§▓▓*,
+#+++#####....#k##|)▓▓▓▓▓▓▓▓▓▓▓*+
......#..+.(..#8k#}|▓.(...§[§▓▓,,
#+##..#..####.#k.#)[▓..(...§§▓▓,⌠
.#.##.####..'.##@#)§▓)([..).(▓▓,,
.#..#,...#).#...####▓..%[[..(▓▓,,
.#.####..#####.^##)#▓.[..(.[(▓▓,,
#'###.##..#..'^.#..#▓..[..[..▓▓,,
#.##...#..#..#..#..#▓.[)[[...▓▓,⌠
.<.'.##+..####.^##.#▓...[((((▓▓,,
#.##..:#....###...##▓▓▓▓▓▓▓+▓▓▓▓+
#'###.##≈.....≈≈≈≈≈≈≈≈≈≈≈≈≈%..≈≈≈
...####≈≈.....≈#+########+###.≈.≈


You could see 2 death drakes, a crystal guardian and a swamp drake.

Vanquished Creatures
  A deep elf master archer (D)
  A kraken (D)
  An iron elemental (D)
  2 hell hogs (D)
  2 deep trolls (D)
  A siren (D)
  A yaktaur (D)
  3 polar bears (D)
  3 slime creatures (D)
  2 boulder beetles (D)
  Menkaure (D)
  A swamp drake (D)
  A wasp (D)
  4 necrophages (D)
  4 crocodiles (D)
  4 brain worms (D)
  A scorpion (D)
33 creatures vanquished.

Vanquished Creatures (others)
  28 tentacles (D)
  205 tentacle segments (D)
233 creatures vanquished.

Grand Total: 266 creatures vanquished

Notes
Turn   | Place    | Note
--------------------------------------------------------------
     0 | D        | Kidiri the Spriggan Enchanter began the quest for the Orb.
     0 | D        | Reached XP level 1. HP: 9/9 MP: 5/5
     1 | D        | Noticed a boulder beetle
     1 | D        | Noticed a boulder beetle
     5 | D        | Noticed a siren
     8 | D        | Noticed a necrophage
     8 | D        | Noticed a necrophage
     8 | D        | Noticed a necrophage
     8 | D        | Noticed a necrophage
    12 | D        | Noticed a brain worm
    16 | D        | Killed a brain worm
    16 | D        | Reached skill level 6 in Dodging
    16 | D        | Reached skill level 7 in Stealth
    16 | D        | Reached skill level 5 in Spellcasting
    16 | D        | Reached XP level 2. HP: 13/13 MP: 6/9
    16 | D        | Reached XP level 3. HP: 16/16 MP: 6/10
    17 | D        | Noticed a brain worm
    23 | D        | Learned a level 2 spell: Ensorcelled Hibernation
    27 | D        | Learned a level 3 spell: Confuse
    31 | D        | Learned a level 3 spell: Tukima's Dance
    35 | D        | Learned a level 3 spell: Dazzling Spray
    54 | D        | Killed a brain worm
    54 | D        | Reached skill level 8 in Stealth
    54 | D        | Reached skill level 1 in Conjurations
    54 | D        | Reached skill level 5 in Hexes
    54 | D        | Reached skill level 1 in Ice Magic
    54 | D        | Reached XP level 4. HP: 21/21 MP: 9/13
    58 | D        | Noticed a brain worm
    58 | D        | Noticed a brain worm
    60 | D        | Killed a brain worm
    60 | D        | Reached skill level 9 in Stealth
    60 | D        | Reached XP level 5. HP: 24/24 MP: 9/15
    62 | D        | Killed a brain worm
   107 | D        | Killed a necrophage
   107 | D        | Reached skill level 10 in Stealth
   107 | D        | Reached XP level 6. HP: 28/28 MP: 16/18
   108 | D        | Killed a necrophage
   108 | D        | Reached skill level 5 in Short Blades
   108 | D        | Reached skill level 11 in Stealth
   110 | D        | Killed a necrophage
   110 | D        | Reached skill level 10 in Dodging
   110 | D        | Reached XP level 7. HP: 32/32 MP: 17/20
   114 | D        | Killed a necrophage
   186 | D        | HP: 1/32 [siren/spear (17)]
   192 | D        | Killed a siren
   192 | D        | Reached skill level 12 in Stealth
   192 | D        | Reached skill level 10 in Spellcasting
   307 | D        | Killed a boulder beetle
   307 | D        | Reached skill level 13 in Stealth
   307 | D        | Reached XP level 8. HP: 36/36 MP: 23/23
   315 | D        | Killed a boulder beetle
   384 | D        | Noticed an obsidian statue
   386 | D        | Noticed Menkaure
   387 | D        | Found Qazuebuf's Jewellery Boutique.
   388 | D        | Killed Menkaure
   405 | D        | Noticed Roxanne
   408 | D        | Found Olileini's Antique Weapon Shop.
   409 | D        | Found Cola's Antique Armour Boutique.
   410 | D        | Found Soelodghu's Book Shop.
   410 | D        | Found Moupracu's Gadget Shop.
   411 | D        | Found Urucuhi's Distillery.
   411 | D        | Found Galoogig's Food Boutique.
   412 | D        | Noticed a scorpion
   414 | D        | Killed a scorpion
   417 | D        | Found Ecoomuown's Jewellery Shop.
   419 | D        | Found Veviewn's Antique Armour Shop.
   420 | D        | Found Dyisch's Jewellery Shop.
   420 | D        | Found Xefomm's Magic Scroll Boutique.
   423 | D        | Found Pisio's Distillery.
   423 | D        | Found Virisaiv's Antique Armour Boutique.
   423 | D        | Noticed an unseen horror
   423 | D        | Noticed an unseen horror
   423 | D        | Noticed an oklob plant
   424 | D        | Found Datteill's Jewellery Shop.
   424 | D        | Found Owaetol's Antique Weapon Boutique.
   424 | D        | Found Huoschio's Book Shoppe.
   427 | D        | Noticed a spiny frog
   432 | D        | Noticed a spiny frog
   440 | D        | Noticed a fire dragon
   445 | D        | Noticed an electric eel
   445 | D        | Noticed an electric eel
   455 | D        | Bought the ring "Ydwin" {SustAt rF+ Int+2 Dex+3} for 546 gold pieces
   486 | D        | Noticed a kraken
   835 | D        | Found a deep blue altar of Sif Muna.
   835 | D        | Found a shadowy altar of Dithmenos.
   835 | D        | Found a sacrificial altar of Ru.
   848 | D        | Found a sparkling altar of Nemelex Xobeh.
   848 | D        | Found a radiant altar of Vehumet.
   848 | D        | Found an iron altar of Okawaru.
   849 | D        | Found a blossoming altar of Fedhas.
   849 | D        | Found a burning altar of Makhleb.
   849 | D        | Found a corrupted altar of Lugonu.
   849 | D        | Found a glowing golden altar of the Shining One.
   850 | D        | Found a viscous altar of Jiyva.
   850 | D        | Found a shimmering altar of Xom.
   850 | D        | Found a white marble altar of Elyvilon.
   851 | D        | Found a glowing silver altar of Zin.
   851 | D        | Found a roughly hewn altar of Beogh.
   852 | D        | Found a stormy altar of Qazlal.
   852 | D        | Found a snail-covered altar of Cheibriados.
   855 | D        | Noticed a yaktaur
   855 | D        | Noticed a wasp
   855 | D        | Noticed a polar bear
   856 | D        | Noticed a polar bear
   856 | D        | Noticed a polar bear
   857 | D        | Killed a polar bear
   858 | D        | Killed a polar bear
   858 | D        | Reached skill level 14 in Stealth
   860 | D        | Killed a wasp
   860 | D        | Reached XP level 9. HP: 39/39 MP: 6/25
   861 | D        | Killed a polar bear
   861 | D        | Reached skill level 5 in Ice Magic
   863 | D        | Killed a yaktaur
   965 | D        | Found a basalt altar of Yredelemnul.
   965 | D        | Found an ancient bone altar of Kikubaaqudgha.
   966 | D        | Found a bloodstained altar of Trog.
   966 | D        | Found an opulent altar of Gozag.
   970 | D        | Became a worshipper of Dithmenos the Shadowed
   984 | D        | Noticed a crocodile
  1118 | D        | Killed a crocodile
  1357 | D        | Noticed a crocodile
  1366 | D        | Noticed a crocodile
  1376 | D        | Killed a crocodile
  1376 | D        | Reached skill level 15 in Stealth
  1383 | D        | Killed a crocodile
  1383 | D        | Reached skill level 1 in Invocations
  1399 | D        | Noticed a crocodile
  1400 | D        | Killed a crocodile
  1405 | D        | Noticed a flying skull
  1407 | D        | Noticed a flying skull
  1407 | D        | Noticed a flying skull
  1408 | D        | Noticed a flying skull
  1409 | D        | Noticed a flying skull
  1420 | D        | Noticed a lava snake
  1451 | D        | Noticed a deep troll
  1452 | D        | Noticed a deep troll
  1454 | D        | Killed a deep troll
  1454 | D        | Reached skill level 5 in Conjurations
  1455 | D        | Killed a deep troll
  1586 | D        | Noticed a swamp drake
  1587 | D        | Noticed a death drake
  1589 | D        | Noticed a hell hog
  1590 | D        | Noticed a hell hog
  1595 | D        | Killed a swamp drake
  1595 | D        | Acquired Dithmenos's first power
  1595 | D        | Reached XP level 10. HP: 44/44 MP: 24/27
  1603 | D        | Killed a hell hog
  1603 | D        | Reached skill level 16 in Stealth
  1603 | D        | Reached skill level 10 in Hexes
  1605 | D        | Killed a hell hog
  1605 | D        | Acquired Dithmenos's second power
  1605 | D        | Reached skill level 15 in Dodging
  2255 | D        | Bought a potion of mutation for 27 gold pieces
  2255 | D        | Gained mutation: Your muscles are strong. (Str +2) [potion of mutation]
  2255 | D        | Gained mutation: Your spells are a little harder to cast, but a little more powerful. [potion of mutation]
  2255 | D        | Gained mutation: You are partially covered in yellow scales (AC +2). [potion of mutation]
  2262 | D        | Bought the amulet "Jatukhlo" {Clar MR+ Dex+4 SInv} for 497 gold pieces
  2330 | D        | Killed a kraken
  2330 | D        | Reached skill level 17 in Stealth
  2336 | D        | Noticed a lava snake
  2337 | D        | Noticed a lava snake
  2339 | D        | Noticed a lava snake
  2358 | D        | Learned a level 5 spell: Metabolic Englaciation
  2363 | D        | Learned a level 4 spell: Ice Form
  2370 | D        | Learned a level 6 spell: Bolt of Cold
  2377 | D        | Learned a level 6 spell: Ozocubu's Refrigeration
  2502 | D        | Noticed an iron elemental
  2505 | D        | Killed an iron elemental
  2514 | D        | Noticed a deep elf master archer
  2517 | D        | Noticed a slime creature
  2517 | D        | Noticed a slime creature
  2517 | D        | Noticed a slime creature
  2519 | D        | Killed a slime creature
  2526 | D        | Killed a slime creature
  2528 | D        | Killed a slime creature
  2528 | D        | Acquired Dithmenos's third power
  2708 | D        | Killed a deep elf master archer
  2708 | D        | Reached skill level 18 in Stealth
  2708 | D        | Reached skill level 5 in Invocations
  2708 | D        | Reached XP level 11. HP: 47/47 MP: 30/30
  2754 | D        | Noticed a death drake
  2754 | D        | Noticed a crystal guardian
  2754 | D        | Noticed a swamp drake
  2757 | D        | Killed from afar by a crystal guardian

Vault maps used:
D:        the_violet_keep_of_menkaure

Action                   |  1- 3 |  4- 6 |  7- 9 | 10-12 || total
-------------------------+-------+-------+-------+-------++-------
Melee: Dagger            |     3 |     5 |    38 |    32 ||    78
 Cast: Ensorcelled Hiber |     1 |       |    20 |     5 ||    26
       Confuse           |       |       |    14 |     2 ||    16
       Dazzling Spray    |       |       |     6 |     1 ||     7
  Use: Potion            |       |       |     3 |     3 ||     6
       Scroll            |       |       |     8 |       ||     8
 Stab: Sleeping          |     2 |     5 |    16 |     6 ||    29
       Confused          |       |       |     4 |     5 ||     9
       Invisible         |       |       |     1 |     1 ||     2
       Fleeing           |       |       |       |     1 ||     1
